 Dungeon Crawl Stone Soup version 0.21-a0-78-g82a99e0 (webtiles) character file.

279 KristoblXynda the Covered (level 6, -14/70 HPs)
             Began as a Barachi Fighter on June 21, 2017.
             Demolished by an ogre
             ... wielding a +0 giant spiked club
              (17 damage)
             ... on level 4 of the Dungeon.
             The game lasted 00:05:22 (3320 turns).

KristoblXynda the Covered (Barachi Fighter)         Turns: 3320, Time: 00:05:23

Health: -14/70     AC:  8    Str: 23    XL:     6   Next: 26%
Magic:  6/6        EV:  7    Int: 10    God:
Gold:   192        SH: 10    Dex: 11    Spells: 5/5 levels left

rFire    . . .     SeeInvis .   a - +0 long sword
rCold    . . .     Gourm    .   c - +0 shield
rNeg     . . .     Faith    .   b - +0 scale mail
rPois    .         Spirit   .   (no helmet)
rElec    .         Reflect  .   (no cloak)
rCorr    .         Harm     .   (no gloves)
MR       .....                  r - +0 pair of boots
Stlth    ..........             (no amulet)
HPRegen  0.21/turn              (no ring)
MPRegen  0.10/turn              (no ring)

@: berserking, drained, quick
A: +LOS, swims, slowness 1, strong legs 1
a: Hop


You were on level 4 of the Dungeon.
You were very hungry.

You visited 1 branch of the dungeon, and saw 4 of its levels.

You collected 192 gold pieces.

Inventory:

Hand Weapons
 a - a +0 long sword (weapon)
Missiles
 m - a throwing net
 s - 8 javelins (quivered)
Armour
 b - a +0 scale mail (worn)
 c - a +0 shield (worn)
 r - a +0 pair of boots (worn)
Scrolls
 e - 2 scrolls of fog {unknown}
 g - 2 scrolls of teleportation {unknown}
 h - a scroll of remove curse {unknown}
 l - a scroll of amnesia {unknown}
 t - a scroll of noise {unknown}
Potions
 d - a potion of might
 o - 2 potions of invisibility {unknown}
 p - a potion of heal wounds {unknown}
 q - a potion of haste {unknown}
Comestibles
 f - 3 bread rations
 j - 3 royal jellies
 k - 2 meat rations
 n - 2 fruits


   Skills:
 - Level 3.6(3.3) Fighting
 + Level 4.7(4.4) Long Blades
 + Level 5.8(5.5) Armour
 + Level 4.9(4.6) Shields


You had 5 spell levels left.
You didn't know any spells.

Dungeon Overview and Level Annotations

Branches:
Dungeon (4/15)
 Temple: D:4-7

Altars:
Dithmenos
Fedhas
Qazlal
Sif Muna
Trog
Xom


Innate Abilities, Weirdness & Mutations

Shadows flee at your approach. (+LOS)
You can swim through water.
You cover ground slowly.
You can hop short distances.


Message History

Your experience leads to an increase in your attributes!
Increase (S)trength, (I)ntelligence, or (D)exterity?
You feel clever.
You are feeling very hungry.
Unknown command.
You slash the ogre!
The ogre is heavily wounded.
You block the ogre's attack.
You slash the ogre!
The ogre is severely wounded.
The ogre hits you with a giant spiked club!!
You barely miss the ogre.
The ogre is severely wounded.
The ogre hits you with a giant spiked club!!
* * * LOW HITPOINT WARNING * * *
Unknown command.
A red film seems to cover your vision as you go berserk!
You feel yourself moving faster!
You feel mighty!
The ogre hits you with a giant spiked club!
You die...

##...##
...... ##..##
# ..... ##..#
.##....#
#..##
.......##
##..##
#....(..#
##..# #......
##.## #....#
##.###
#.O..##
##..###@....#
##.....##...#
##...## ..#
#...# ..
#....#
..###.# #.##
## ##


You could see an ogre.

Vanquished Creatures
  A bullfrog (D:4)
  Jessica (D:3)
  4 gnolls (D:3)
  A howler monkey skeleton (D:3)
  3 adders (D:3)
  A worm (D:3)
  5 dart slugs
  2 leopard geckos (D:1)
  8 orcs (D:3)
  3 giant cockroaches
  16 hobgoblins
  6 jackals
  5 kobolds
  3 quokkas
  2 ball pythons
  11 bats
  8 frilled lizards
  6 goblins
  9 rats
95 creatures vanquished.

Notes
Turn   | Place    | Note
-------+----------+-------------------------------------------
     0 | D:1      | KristoblXynda the Barachi Fighter began the quest for the Orb.
     0 | D:1      | Reached XP level 1. HP: 18/18 MP: 1/1
    98 | D:1      | Reached skill level 4 in Armour
    98 | D:1      | Reached XP level 2. HP: 24/24 MP: 2/2
   531 | D:1      | Reached XP level 3. HP: 29/29 MP: 3/3
  1048 | D:2      | Found a shimmering altar of Xom.
  1167 | D:2      | Found a blossoming altar of Fedhas.
  1188 | D:2      | Reached XP level 4. HP: 35/36 MP: 4/4
  1374 | D:2      | Found a bloodstained altar of Trog.
  1374 | D:2      | Found a deep blue altar of Sif Muna.
  1947 | D:3      | Found a stormy altar of Qazlal.
  2148 | D:3      | Noticed Jessica
  2152 | D:3      | Killed Jessica
  2152 | D:3      | Reached skill level 5 in Armour
  2152 | D:3      | Reached XP level 5. HP: 29/41 MP: 5/5
  2493 | D:3      | Found a shadowy altar of Dithmenos.
  3314 | D:4      | Noticed an ogre
  3316 | D:4      | Reached XP level 6. HP: 45/47 MP: 6/6
  3319 | D:4      | HP: 2/47 [ogre/giant spiked club (22)]
  3320 | D:4      | Demolished by an ogre

Vault maps used:
D:1:      dpeg_arrival_arbitrary_a
D:2:      gammafunk_temple_overflow_statue, old_standard_altar, minivault_26,
          fedhas_altar_1
D:3:      marbit_many_paths, lemuel_coloured_pillars_altar,
          minmay_randomly_rotated_circles, uniq_jessica
D:4:      minmay_temple_entry_butterflies

Skill      XL: |  1  2  3  4  5 |
---------------+----------------+-----
Armour         | 4 5 |  5.8
Long Blades    | 3 4 |  4.7
Shields        | 4 |  4.9
Fighting       | |  3.6

Action                   |  1- 3 |  4- 6 || total
-------------------------+-------+-------++-------
Melee: Long sword        |   117 |   201 ||   318
  Use: Potion            |       |     2 ||     2
  Eat: Chunk             |     2 |     7 ||     9
Armor: Scale mail        |    63 |   141 ||   204
Dodge: Dodged            |    34 |    89 ||   123
Block: Shield            |    68 |   149 ||   217
       Rpst.: Long sword |    11 |    27 ||    38
